 Dungeon Crawl Stone Soup version 0.30-a0-1066-g63dfefce0d (webtiles) character file.

Game seed: 939076123722772616

93 Dittersdorf the Shield-Bearer (level 4, 0/29 HPs)
             Began as a Gargoyle Fighter on Apr 12, 2023.
             Slain by Crazy Yiuf
             ... wielding a +3 quarterstaff of chaos
              (4 damage)
             ... on level 3 of the Dungeon.
             The game lasted 00:02:23 (2005 turns).

Dittersdorf the Shield-Bearer (Gargoyle Fighter)    Turns: 2005, Time: 00:02:24

Health: 0/29       AC: 11    Str: 21    XL:     4   Next: 61%
Magic:  4/4        EV:  9    Int: 13    God:
Gold:   124        SH:  4    Dex:  9    Spells: 3/3 levels left

rFire   . . .      SeeInvis .    a - +0 flail
rCold   . . .      Faith    .    c - +0 buckler
rNeg    + . .      Spirit   .    b - +0 scale mail
rPois   ∞          Reflect  .    (no helmet)
rElec   +          Rampage  .    (no cloak)
rCorr   .                        s - +0 pair of gloves "Xonet" {rPois Will+ Int+4}
Will    +....                    (no boots) Stlth
                                 (no amulet)
HPRegen 0.24/turn                (no ring)
MPRegen 0.09/turn                (no ring)

@: no status effects
A: sickness immunity, AC +3, negative energy resistance 1, electricity
resistance, torment resistance 1, petrification resistance
a: no special abilities


You were on level 3 of the Dungeon.
You visited 1 branch of the dungeon, and saw 3 of its levels.

You collected 124 gold pieces.

Inventory:

Hand Weapons
 a - a +0 flail (weapon)
Armour
 b - a +0 scale mail (worn)
 c - a +0 buckler (worn)
 s - the +0 pair of gloves "Xonet" (worn) {rPois Will+ Int+4}
   (You found it on level 2 of the Dungeon)

   Int:       It affects your intelligence (+4).
   rPois:     It protects you from poison.
   Will:      It increases your willpower.
Jewellery
 i - a +6 ring of dexterity
Scrolls
 e - 2 scrolls of magic mapping {unknown}
 f - a scroll of amnesia {unknown}
 h - 2 scrolls of teleportation
 l - a scroll of vulnerability {unknown}
 m - a scroll of noise {unknown}
 p - a scroll of enchant armour {unknown}
 q - a scroll of butterflies {unknown}
 t - a scroll of identify {unknown}
Potions
 d - 2 potions of might
 g - 2 potions of flight {unknown}
 j - a potion of brilliance {unknown}
 k - a potion of attraction {unknown}
 n - a potion of heal wounds {unknown}
 r - 2 potions of curing {unknown}
 u - a potion of lignification {unknown}
 v - a potion of berserk rage {unknown}
 w - a potion of cancellation {unknown}


   Skills:
 + Level 4.0 Fighting
 + Level 2.9 Maces & Flails
 + Level 4.0 Armour
 + Level 4.0 Shields


You had 3 spell levels left.
You didn't know any spells.
Your spell library contained the following spells:

 Spells                   Type           Power      Damage    Failure   Level
 Hailstorm                Conj/Ice       0%         3d3       97%         3
 Tukima's Dance           Hex            0%         N/A       97%         3
 Ice Form                 Ice/Tmut       0%         N/A       100%        4
 Passage of Golubria      Tloc           0%         N/A       100%        4
 Yara's Violent Unravell  Hex/Tmut       0%         3d3       100%        5
 Simulacrum               Ice/Necr       0%         N/A       100%        6


Dungeon Overview and Level Annotations

Branches:
Dungeon (3/15)

Altars:

Shops:
D:3 *

Annotations:
D:3 3 runed translucent doors, Crazy Yiuf; soul19's ghost, weakling TrWr


Innate Abilities, Weirdness & Mutations

You are immune to sickness and miasma.
Your stone body is resilient. (AC +3)
You are immune to poison.
You resist negative energy. (rN+)
You are resistant to electric shocks. (rElec)
You are resistant to unholy torment.
You are immune to petrification.


Message History

The kobold shouts!
You hear an angry hiss.
You see here a ball python skeleton.
No reachable target in view!
Could not explore, unopened runed door.
Crazy Yiuf shouts!
You open the door.
Throw: 3 darts (curare)
Press: ? - help, Q - select action Shift-Dir - straight line, f - Crazy Yiuf
Aim: Crazy Yiuf, wielding a +3 quarterstaff of chaos and wearing a +2 cloak of poison resistance (60% to hit)
You throw a curare-tipped dart. The curare-tipped dart hits Crazy Yiuf.
Crazy Yiuf hits you but does no damage.
Throw: 2 darts (curare)
Press: ? - help, Q - select action Shift-Dir - straight line, f/p - Crazy Yiuf
Aim: Crazy Yiuf, wielding a +3 quarterstaff of chaos and wearing a +2 cloak of poison resistance (60% to hit)
You throw a curare-tipped dart.
The curare-tipped dart barely misses Crazy Yiuf.
Crazy Yiuf hits you but does no damage.
Throw: dart (curare)
Press: ? - help, Q - select action Shift-Dir - straight line, f/p - Crazy Yiuf
Aim: Crazy Yiuf, wielding a +3 quarterstaff of chaos and wearing a +2 cloak of poison resistance (60% to hit)
You throw a curare-tipped dart. The curare-tipped dart hits Crazy Yiuf.
Crazy Yiuf hits you with a +3 quarterstaff of chaos.
You hit Crazy Yiuf but do no damage. Crazy Yiuf barely misses you.
Crazy Yiuf hits you with a +3 quarterstaff of chaos!
Crazy Yiuf freezes you.
You hit Crazy Yiuf.
Crazy Yiuf is lightly wounded.
You block Crazy Yiuf's attack.
You hit Crazy Yiuf.
Crazy Yiuf is heavily wounded.
You block Crazy Yiuf's attack.
You hit Crazy Yiuf but do no damage.
Crazy Yiuf is heavily wounded.
Crazy Yiuf says, "Iron shoe Xom!"
Crazy Yiuf hits you with a +3 quarterstaff of chaos!
* * * LOW HITPOINT WARNING * * *
Crazy Yiuf burns you.
* * * LOW HITPOINT WARNING * * *
Crazy Yiuf hits you with a +3 quarterstaff of chaos.
You die...

##############
#######.............
#............#######
############..##
#)..# ## ♣♣♣♣♣##...#
#. ### ♣♣♣.♣...#...#
##.
#...#♣..♣.PP.....#
#..
#(..g@♣♣♣♣.......#
#.# #)..#♣♣ ♣♣P.#..##
#.. ### ♣♣##...###..
#........ #...(...#
#############....#..#
#...................#
#....................
#.................###


You could see Crazy Yiuf.

Vanquished Creatures
  3 adders
  A worm (D:2)
  5 endoplasms
  2 giant cockroaches (D:1)
  4 goblins
  9 hobgoblins
  4 jackals (D:1)
  A quokka (D:2)
  5 ball pythons
  4 bats
  A frilled lizard (D:1)
  11 kobolds
  9 rats
59 creatures vanquished.

Vanquished Creatures (others)
  A fungus (D:3)
1 creature vanquished.

Grand Total: 60 creatures vanquished

Notes
Turn   | Place    | Note
-------+----------+-------------------------------------------
     0 | D:1      | Dittersdorf the Gargoyle Fighter began the quest for the
                  | Orb.
     0 | D:1      | Reached XP level 1. HP: 14/14 MP: 1/1
    28 | D:1      | Reached XP level 2. HP: 15/19 MP: 2/2
   380 | D:1      | Reached XP level 3. HP: 23/23 MP: 3/3
  1119 | D:2      | Reached XP level 4. HP: 28/29 MP: 4/4
  1145 | D:2      | Identified the +0 pair of gloves "Xonet" {rPois Will+
                  | Int+4}
  1619 | D:3      | Found a runed translucent gate.
  1620 | D:3      | Found a runed translucent gate.
  1621 | D:3      | Found a runed translucent gate.
  1622 | D:3      | Noticed soul19's ghost (weakling TrWr)
  1640 | D:3      | Noticed a kobold brigand
  1703 | D:3      | Found Giomiun's Assorted Antiques.
  1780 | D:3      | Found a runed translucent door.
  1781 | D:3      | Noticed Crazy Yiuf
  2005 | D:3      | Slain by Crazy Yiuf

Illustrated notes

Levels and vault maps discovered:
D:1:      dpeg_arrival_leaves_temple_mockup, layout_basic
D:2:      layout_loops_ring
D:3:      layout_rooms, serial_shops, nicolae_shop_trees, gammafunk_ghost_split,
          uniq_crazy_yiuf_cottage

Skill      XL: |  1  2  3  4 |
---------------+-------------+-----
Shields        | 4 |  4.0
Armour         | 4 |  4.0
Fighting       | 4 |  4.0
Maces & Flails | |  2.9

Action                     |  1- 3 |  4- 6 || total
---------------------------+-------+-------++-------
  Melee: Flail             |   143 |    93 ||   236
  Throw: Dart              |       |     3 ||     3
    Use: Scroll            |     1 |       ||     1
 Armour: Scale mail        |    85 |    69 ||   154
  Dodge: Dodged            |    79 |    50 ||   129
  Block: Buckler           |    36 |    20 ||    56

Table legend: (Time is in decaauts)
 A = Elapsed time spent in this place.
 B = Non-inter-level travel time spent in this place.
 C = Inter-level travel time spent in this place.
 D = Time resting spent in this place.
 E = Time spent auto-exploring this place.
 F = Levels seen in this place.
 G = Mean time per level.
                   A        B        C        D        E       F      G
               +--------+--------+--------+--------+--------+-----+--------+
         Total |   2077 |   1974 |    103 |      0 |   1474 |   3 |  692.3 |
       Dungeon |   2077 |   1974 |    103 |      0 |   1474 |   3 |  692.3 |
               +--------+--------+--------+--------+--------+-----+--------+

Top non-repeatable levels by time:
     D:2: 789 daAuts
     D:1: 781 daAuts
     D:3: 505 daAuts
